 Dungeon Crawl Stone Soup version 0.28.0-53-g5a82cb258f (webtiles) character file.

Game seed: 1815638534520995182

77 MiltankisOP the Unweaver (level 4, -2/35 HPs)
             Began as a Demonspawn Abyssal Knight on June 17, 2022.
             Was a Follower of Lugonu.
             Slain by a centaur warrior zombie (4 damage)
             ... on level 6 of the Dungeon.
             The game lasted 00:04:28 (2203 turns).

MiltankisOP the Unweaver (DsAK)                     Turns: 2203, Time: 00:04:29

Health: -2/35      AC: 13    Str: 15    XL:     4   Next: 13%
Magic:  0/7        EV:  4    Int: 12    God:    Lugonu [*.....]
Gold:   53         SH:  0    Dex: 13    Spells: 3/3 levels left

rFire   . . .      SeeInvis .   a - +1 mace
rCold   . . .      Faith    .   (no shield)
rNeg    . . .      Spirit   +   i - +0 plate armour
rPois   .          Reflect  .   d - +2 helmet
rElec   .          Harm     .   (no cloak)
rCorr   .          Rampage  .   (no gloves)
Will    .....                   (no boots)
Stlth   ..........              m - amulet of guardian spirit
HPRegen 0.11/turn               (no ring)
MPRegen 0.10/turn               (no ring)

@: invisible
A: hooves 1, demonic magic 1
a: Renounce Religion, Depart the Abyss


You were on level 6 of the Dungeon.
You worshipped Lugonu.
Lugonu was aware of your devotion.
You visited 1 branch of the dungeon, and saw 4 of its levels.
You visited the Abyss 1 time.

You collected 53 gold pieces.

Inventory:

Hand Weapons
 a - a +1 mace (weapon)
 n - a +0 flail
Armour
 b - a +0 leather armour
 d - a +2 helmet (worn)
 i - a +0 plate armour (worn)
Jewellery
 m - an amulet of guardian spirit (around neck)
Scrolls
 e - 2 scrolls of identify {unknown}
 f - 2 scrolls of silence {unknown}
 g - a scroll of enchant weapon {unknown}
 h - a scroll of immolation {unknown}
 k - a scroll of fog {unknown}
 o - a scroll of fear {unknown}
 q - a scroll of blinking {unknown}
Potions
 c - a potion of curing {unknown}
 j - a potion of might {unknown}
 l - a potion of invisibility
 p - a potion of mutation {unknown}
 r - a potion of ambrosia {unknown}


   Skills:
 - Level 3.0 Fighting
 + Level 3.0 Maces & Flails
 - Level 1.8 Armour
 - Level 0.9 Dodging
 + Level 4.3 Invocations


You had 3 spell levels left.
You didn't know any spells.
Your spell library contained the following spells:

 Spells                   Type           Power      Damage    Failure   Level
 Sting                    Tmut/Pois      0%         1d3       100%        1
 Poisonous Vapours        Pois/Air       0%         N/A       100%        2
 Olgreb's Toxic Radiance  Pois           0%         N/A       100%        4


Dungeon Overview and Level Annotations

Branches:
Dungeon (3/15)

Altars:


Innate Abilities, Weirdness & Mutations

You have large cloven feet.
Spells you cast may paralyse adjacent enemies.


Message History

The centaur warrior zombie hits you!
The centaur warrior zombie kicks you but does no damage.
You hit the centaur warrior zombie. You kick the centaur warrior zombie.
The centaur warrior zombie is moderately damaged.
The centaur warrior zombie hits you.
The centaur warrior zombie kicks you but does no damage.
The centaur warrior zombie hits you.
The centaur warrior zombie kicks you but does no damage.
You hit the centaur warrior zombie.
The centaur warrior zombie is moderately damaged.
The centaur warrior zombie hits you.
The centaur warrior zombie kicks you but does no damage.
You thump the centaur warrior zombie! You kick the centaur warrior zombie.
The centaur warrior zombie is heavily damaged.
The centaur warrior zombie barely misses you.
The centaur warrior zombie kicks you.
The centaur warrior zombie hits you but does no damage.
The centaur warrior zombie kicks you but does no damage.
You completely miss the centaur warrior zombie.
You kick the centaur warrior zombie.
The centaur warrior zombie is severely damaged.
The centaur warrior zombie hits you but does no damage.
The centaur warrior zombie kicks you but does no damage.
The centaur warrior zombie hits you!
* * * LOW HITPOINT WARNING * * *
The centaur warrior zombie kicks you but does no damage.
It was a potion of invisibility.
You fade into invisibility!
The centaur warrior zombie hits you but does no damage.
The centaur warrior zombie barely misses you.
The centaur warrior zombie hits you but does no damage.
The centaur warrior zombie kicks you.
* * * LOW HITPOINT WARNING * * *
You hit the centaur warrior zombie. You kick the centaur warrior zombie.
The centaur warrior zombie is severely damaged.
The centaur warrior zombie hits you!
* * * LOW HITPOINT WARNING * * *
The centaur warrior zombie kicks you but does no damage.
The centaur warrior zombie hits you.
You die...

#(#
(....#################
#............@Z...#
#################.# .#
.. ###


You could see a centaur warrior zombie.

Vanquished Creatures
  A gnoll (D:1)
  3 adders (D:2)
  3 dart slugs
  3 endoplasms
  3 giant cockroaches
  2 goblins (D:1)
  3 hobgoblins (D:1)
  A kobold (D:1)
  4 quokkas (D:1)
  3 ball pythons (D:1)
  4 bats (D:1)
  A frilled lizard (D:2)
  2 rats (D:1)
  A bush (D:1)
34 creatures vanquished.

Vanquished Creatures (others)
  4 plants (D:1)
4 creatures vanquished.

Grand Total: 38 creatures vanquished

Notes
Turn   | Place    | Note
-------+----------+-------------------------------------------
     0 | Abyss:1  | MiltankisOP the Demonspawn Abyssal Knight began the quest
                  | for the Orb.
     0 | Abyss:1  | Reached XP level 1. HP: 18/18 MP: 2/2
    26 | Abyss:1  | Found a corrupted altar of Lugonu.
   120 | Abyss:1  | Noticed a glowing orange brain
   120 | Abyss:1  | Noticed an apocalypse crab
   121 | D:1      | Escaped the Abyss
   178 | D:1      | Found a faded altar of an unknown god.
   288 | D:1      | Reached * piety under Lugonu
   412 | D:1      | Gained mutation: You have large cloven feet. [demonic
                  | ancestry]
   412 | D:1      | Reached XP level 2. HP: 9/24 MP: 4/4
   413 | D:1      | Reached skill level 3 in Invocations
   796 | D:1      | Reached XP level 3. HP: 25/29 MP: 5/5
  1430 | D:2      | Reached skill level 4 in Invocations
  1810 | D:2      | Gained mutation: Spells you cast may paralyse adjacent
                  | enemies. [demonic ancestry]
  1810 | D:2      | Reached XP level 4. HP: 35/35 MP: 7/7
  2177 | D:3      | You fall into a shaft and drop 3 floors!
  2190 | D:6      | Noticed a centaur warrior zombie
  2203 | D:6      | Slain by a centaur warrior zombie

Illustrated notes

Levels and vault maps discovered:
D:1:      matt_arrival_diagonals, layout_loops_ring, serial_forest,
          infiniplex_forest_clump_double, infiniplex_forest_clump_double,
          infiniplex_forest_end_2, infiniplex_forest_straight_5,
          infiniplex_forest_lined_3, infiniplex_forest_lined_3_way,
          infiniplex_forest_clump_tiny, infiniplex_forest_join,
          infiniplex_forest_clump_small, ebering_ecumenical_altar_rust
D:2:      layout_rooms, serial_corexii_hall, corexii_hall_statues_deadend,
          corexii_hall_statues_i, chequers_hall_statues_y,
          chequers_hall_statues_corner_a, kennysheep_nondescript,
          hangedman_decor_lopped
D:3:      layout_basic, serial_glass, glass_columns_b, glass_columns_a,
          glass_columns_b, wander_ebering_terrifying_dragon_lair
D:6:      nicolae_whirlpool, layout_rooms, kennysheep_mini, lemuel_round_altar,
          nicolae_gozag_cash_rules_everything_around_me, temple_green,
          uniq_blork_the_orc

Skill      XL: |  1  2  3 |
---------------+----------+-----
Maces & Flails | 2 3 |  3.0
Invocations    | 3 4 |  4.3
Fighting       | |  3.0
Armour         | |  1.8
Dodging        | |  0.9

Action                   |  1- 3 |  4- 6 || total
-------------------------+-------+-------++-------
Melee: Mace              |   145 |    16 ||   161
       Kick              |    42 |     8 ||    50
       Punch             |     2 |       ||     2
Invok: Depart the Abyss  |     1 |       ||     1
  Use: Potion            |       |     1 ||     1
Armor: Leather armour    |    24 |       ||    24
       Plate armour      |    34 |    28 ||    62
Dodge: Dodged            |    52 |     5 ||    57
